 Dungeon Crawl Stone Soup version 0.29.1-15-g9cfb28693d (webtiles) character file.

Game seed: 15698088919431825799

5540 darkwizardman the Cleaver (level 10, -8/90 HPs)
             Began as a Minotaur Fighter on Apr 3, 2023.
             Was a Believer of the Shining One.
             Mangled by a boulder beetle (16 damage)
             ... on level 8 of the Dungeon.
             The game lasted 00:09:52 (7943 turns).

darkwizardman the Cleaver (Minotaur Fighter)        Turns: 7943, Time: 00:09:53

Health: -8/90      AC: 26    Str: 28    XL:     10   Next: 43%
Magic:  9/9        EV:  7    Int:  4    God:    the Shining One [**....]
Gold:   389        SH:  5    Dex: 10    Spells: 9/9 levels left

rFire   + . .      SeeInvis .   C - +3 morningstar (protect)
rCold   . . .      Faith    .   c - +0 buckler
rNeg    + . .      Spirit   .   f - +0 plate armour
rPois   .          Reflect  .   s - +2 hat
rElec   .          Harm     .   t - +0 cloak
rCorr   .          Rampage  .   (no gloves)
Will    .....                   (no boots)
Stlth   ..........              (no amulet)
HPRegen 0.25/turn               g - ring of protection from fire
MPRegen 0.11/turn               (no ring)

@: under a protective aura, glowing
A: horns 2, retaliatory headbutt, iridescent scales 1, strong 1
a: Renounce Religion, Divine Shield


You were on level 8 of the Dungeon.
You worshipped the Shining One.
The Shining One was pleased with you.
You visited 2 branches of the dungeon, and saw 9 of its levels.

You collected 477 gold pieces.
You spent 88 gold pieces at shops.

Inventory:

Hand Weapons
 a - a +1 vorpal war axe
 z - a +0 mace of protection
 C - a +3 morningstar of protection (weapon)
Armour
 c - a +0 buckler (worn)
 f - a +0 plate armour (worn)
 s - a +2 hat (worn)
 t - a +0 cloak (worn)
Jewellery
 g - a ring of protection from fire (left hand)
 u - an amulet of regeneration
Wands
 j - a wand of roots (11)
 r - a wand of flame (30)
Scrolls
 b - a scroll of silence {unknown}
 d - 2 scrolls of fog
 e - 3 scrolls of teleportation
 i - 2 scrolls of magic mapping
 o - 5 scrolls of poison
 q - 2 scrolls of identify
 y - a scroll of enchant weapon
 B - a scroll of brand weapon
Potions
 h - 3 potions of invisibility
 k - 3 potions of brilliance
 l - 2 potions of degeneration
 m - a potion of ambrosia
 n - 3 potions of attraction
 p - 4 potions of mutation
 v - a potion of heal wounds
 x - a potion of flight
 A - a potion of magic


   Skills:
 + Level 8.7 Fighting
 + Level 13.3 Axes
 + Level 9.7 Armour
 + Level 6.7 Shields


You had 9 spell levels left.
You didn't know any spells.
Your spell library contained the following spells:

 Spells                   Type           Power      Damage    Failure   Level
 Foxfire                  Conj/Fire      0%         2x1d4     99%         1
 Sublimation of Blood     Necr           0%         N/A       100%        2
 Wereblood                Tmut           0%         N/A       100%        2
 Conjure Flame            Conj/Fire      0%         6-21      100%        3
 Inner Flame              Hex/Fire       0%         N/A       100%        3
 Airstrike                Air            0%         2d(0-16)  100%        4
 Flame Wave               Conj/Fire      0%         2d4       100%        4
 Summon Lightning Spire   Summ/Air       0%         N/A       100%        4
 Fireball                 Conj/Fire      0%         3d3       100%        5
 Lightning Bolt           Conj/Air       0%         1d11      100%        5
 Starburst                Conj/Fire      0%         6d3       100%        6
 Summon Hydra             Summ           0%         N/A       100%        7
 Ignition                 Fire           0%         3d3       100%        8


Dungeon Overview and Level Annotations

Branches:
Dungeon (8/15)             Temple (1/1) D:4
   Lair: D:8-11

Altars:
Ashenzari
Cheibriados
Dithmenos
Elyvilon
Fedhas
Hepliaklqana
Kikubaaqudgha
Makhleb
Nemelex Xobeh
Okawaru
Qazlal
Ru
Sif Muna
Vehumet
Wu Jian
Xom
The Shining One

Shops:
D:3 !:?[(   D:5 [=**

Annotations:
D:7 2 runed translucent doors


Innate Abilities, Weirdness & Mutations

You have a pair of horns on your head.
You reflexively headbutt those who attack you in melee.
You are partially covered in iridescent scales. (AC +2)
Your muscles are strong. (Str +4, Int/Dex -1)


Message History

Found a small onyx ring.
The boulder beetle hits you!!!
The boulder beetle stops rolling and uncurls.
You slash the boulder beetle!
The boulder beetle is lightly wounded.
The boulder beetle barely misses you. You furiously retaliate!
You headbutt the boulder beetle!
Your +3 morningstar of protection hums with potential!
C - a +3 morningstar of protection (weapon)
As you read the scroll labelled ROWUGI AGEZ, it crumbles to dust.
Your body is wracked with pain!
* * * LOW HITPOINT WARNING * * *
The boulder beetle convulses!
Something is bathed in an unholy light!
The Shining One forgives your inadvertent evil act, just this once.
It was a scroll of torment.
The boulder beetle bites you!
* * * LOW HITPOINT WARNING * * *
An unseen horror comes into view.
You hit the boulder beetle.
Your weapon exudes an aura of protection.
You headbutt the boulder beetle.
The boulder beetle is severely wounded.
The unseen horror hits you.
* * * LOW HITPOINT WARNING * * *
You block the boulder beetle's attack.
You hit the boulder beetle but do no damage.
You headbutt the boulder beetle, but do no damage.
The boulder beetle is severely wounded.
The unseen horror hits you but does no damage.
You block the unseen horror's attack. The boulder beetle bites you!
* * * LOW HITPOINT WARNING * * *
The unseen horror hits you but does no damage.
You puncture the boulder beetle!
The boulder beetle is severely wounded.
The unseen horror hits you but does no damage.
You block the unseen horror's attack.
The boulder beetle bites you but does no damage.
You hit the boulder beetle.
The boulder beetle is almost dead.
The unseen horror hits you but does no damage.
The boulder beetle bites you!
You die...

♣.♣ #.#
###.##.....#.#
... #.#
#..#.._..'.#
♣.♣ #.#
##.#..)..###
♣.♣ #..
##.####### #.#
### #..##:::
♣. #..##### ..
#.## # ..
#x###..=# ♣
#@......#
#B.##.### #..#
#..# ...# #..#
#..# #..# ♣


You could see a boulder beetle and an unseen horror (invisible).

Vanquished Creatures
  An ugly thing (D:8)
  2 manticores (D:7)
  A yaktaur (D:8)
  An efreet (D:8)
  Sigmund (D:4)
  A shadow (D:7)
  A vampire (D:7)
  A wraith (D:5)
  2 steam dragons (D:8)
  An acid dragon (D:8)
  2 water moccasins
  4 ice beasts
  3 black bears (D:6)
  3 orc warriors
  2 centaurs
  2 ogres (D:5)
  A phantom (D:6)
  A necrophage (D:5)
  3 bullfrogs
  5 scorpions
  6 howler monkeys (D:8)
  An orc priest (D:6)
  2 jellies
  3 iguanas
  3 orc wizards
  10 adders
  9 gnolls
  2 ufetubi
  4 worms (D:2)
  2 dart slugs
  19 orcs
  4 ball pythons
  11 bats
  5 endoplasms
  4 giant cockroaches
  4 goblins
  2 hobgoblins
  8 jackals
  7 kobolds
  5 quokkas
  6 frilled lizards
  7 rats
162 creatures vanquished.

Vanquished Creatures (others)
  Grinder (D:6)
  A vampire mosquito (D:8)
2 creatures vanquished.

Grand Total: 164 creatures vanquished

Notes
Turn   | Place    | Note
-------+----------+-------------------------------------------
     0 | D:1      | darkwizardman the Minotaur Fighter began the quest for the
                  | Orb.
     0 | D:1      | Reached XP level 1. HP: 19/19 MP: 0/0
   117 | D:1      | Found a faded altar of an unknown god.
   247 | D:1      | Reached XP level 2. HP: 27/27 MP: 1/1
   725 | D:2      | Reached skill level 3 in Axes
   725 | D:2      | Reached XP level 3. HP: 27/33 MP: 2/2
  1239 | D:2      | Reached XP level 4. HP: 40/40 MP: 3/3
  1376 | D:3      | Found Vuelihac's Antique Weapon Shoppe.
  1539 | D:3      | Reached skill level 4 in Axes
  1593 | D:3      | Found Wioqahas's Armour Emporium.
  1647 | D:3      | Found Sycsoamn's Magic Scroll Boutique.
  2129 | D:3      | Found Kaowuedu's Book Shop.
  2172 | D:3      | Found Suovaid's Distillery.
  2185 | D:3      | Bought a potion of mutation for 88 gold pieces
  2197 | D:3      | Gained mutation: Your muscles are strong. (Str +4, Int/Dex
                  | -1) [potion of mutation]
  2197 | D:3      | Gained mutation: You are partially covered in iridescent
                  | scales. (AC +2) [potion of mutation]
  2350 | D:4      | Noticed an orc warrior
  2350 | D:4      | Found the +9 staff of Wucad Mu {*channel}
  2373 | D:3      | Killed an orc warrior
  2374 | D:3      | Reached skill level 5 in Axes
  2374 | D:3      | Reached XP level 5. HP: 21/47 MP: 4/4
  2737 | D:4      | Identified the +9 spear of the Boiling Point {antimagic,
                  | Int+5}
  2748 | D:4      | Noticed Sigmund
  2755 | D:4      | Killed Sigmund
  2756 | D:4      | Reached skill level 5 in Fighting
  2756 | D:4      | Reached skill level 6 in Axes
  2756 | D:4      | Reached skill level 5 in Armour
  2756 | D:4      | Reached XP level 6. HP: 47/56 MP: 5/5
  3000 | D:4      | Found a white marble altar of Elyvilon.
  3051 | D:4      | Became a worshipper of Elyvilon the Healer
  3155 | D:4      | Found a staircase to the Ecumenical Temple.
  3401 | D:4      | Found a sparkling altar of Nemelex Xobeh.
  3430 | D:4      | Reached * piety under Elyvilon
  3452 | D:4      | Reached XP level 7. HP: 54/61 MP: 6/6
  3747 | D:4      | Reached skill level 7 in Axes
  4066 | D:5      | Entered Level 5 of the Dungeon
  4150 | D:5      | Found Xugick's General Store.
  4152 | D:5      | Found Woquh's Jewellery Shoppe.
  4153 | D:5      | Found Cueskek's Assorted Antiques.
  4154 | D:5      | Found Iphoiti's Antique Armour Shoppe.
  4162 | D:5      | Reached ** piety under Elyvilon
  4185 | D:5      | Found an ornate altar of the Wu Jian Council.
  4252 | D:5      | Found a broken altar of Ashenzari.
  4390 | D:5      | Noticed a wraith
  4399 | D:5      | Killed a wraith
  4400 | D:5      | Reached skill level 8 in Axes
  4400 | D:5      | Reached XP level 8. HP: 60/70 MP: 7/7
  4652 | Temple   | Entered the Ecumenical Temple
  4704 | Temple   | Fell from the grace of Elyvilon
  4704 | Temple   | Became a worshipper of the Shining One
  4868 | D:6      | Reached skill level 5 in Shields
  4898 | D:6      | Reached * piety under the Shining One
  4948 | D:6      | Reached skill level 9 in Axes
  5169 | D:6      | Noticed Grinder
  5172 | D:6      | Paralysed by Grinder for 2 turns
  5177 | D:6      | Killed Grinder
  5178 | D:6      | Reached skill level 10 in Axes
  5363 | D:6      | Reached XP level 9. HP: 64/78 MP: 8/8
  5999 | D:7      | Reached skill level 11 in Axes
  6290 | D:7      | Found a stormy altar of Qazlal.
  6314 | D:7      | Found a snail-covered altar of Cheibriados.
  6392 | D:7      | Found a runed translucent door.
  6392 | D:7      | Found a runed translucent door.
  6392 | D:7      | Noticed a cyclops
  6392 | D:7      | Noticed a troll
  6543 | D:7      | Noticed a manticore
  6543 | D:7      | Noticed a manticore
  6544 | D:7      | Noticed a four-headed hydra
  6549 | D:7      | Killed a manticore
  6550 | D:7      | Reached skill level 12 in Axes
  6551 | D:7      | Noticed a kobold demonologist
  6554 | D:7      | Killed a manticore
  6561 | D:7      | Noticed a sixfirhy
  6569 | D:7      | Noticed an ice devil
  6732 | D:8      | Reached ** piety under the Shining One
  6878 | D:8      | Reached XP level 10. HP: 88/88 MP: 9/9
  7061 | D:8      | Found a shadowy altar of Dithmenos.
  7139 | D:8      | HP: 3/88 [yaktaur/+3 morningstar of protection (12)]
  7571 | D:8      | Reached skill level 13 in Axes
  7624 | D:8      | Noticed a brown ugly thing
  7634 | D:8      | Killed a brown ugly thing
  7905 | D:8      | Found a shimmering blue altar of Sif Muna.
  7932 | D:8      | Noticed a boulder beetle
  7943 | D:8      | Mangled by a boulder beetle

Illustrated notes

Levels and vault maps discovered:
D:1:      nicolae_arrival_washed_ashore, layout_basic,
          dreamdust_ecumenical_altar_hidden_monk_grotto
D:2:      layout_basic, minmay_misc_feat_encased
D:3:      layout_basic, serial_shops, nicolae_shop_statue_plus, shop_statue,
          shop_fountains, shop, shop
D:4:      layout_layer_cave, nemelex_diamond_rough_becter,
          mainiacjoe_overflow_six_doors_small, minmay_temple_entry_from_below_a,
          uniq_sigmund
D:5:      layout_basic, nicolae_ashenzari_skybound,
          nicolae_wu_jian_wuxing_cycle, minmay_shop_grid_forest,
          kennysheep_generic_room_15
D:6:      layout_loops_cross, st_stairs_13, uniq_grinder
D:7:      minmay_the_grid_four_pointed_star
          [minmay_the_grid_triangle_9x9_tough_junction,
          minmay_the_grid_triangle_9x9_zippers_vertical,
          minmay_the_grid_triangle_9x9_wacky_v,
          minmay_the_grid_triangle_9x9_windchime,
          minmay_the_grid_prize_four_corners], layout_loops_ring,
          nicolae_uskayaw_murder_on_the_dancefloor, lemuel_crystal_altar,
          tgw_trog, nicolae_gozag_cash_rules_everything_around_me,
          lemuel_round_altar
D:8:      nzn_winding_woodlands_cross [nzn_winding_woodlands_5x15_jagged,
          nzn_winding_woodlands_5x15_default, nzn_winding_woodlands_5x15_zeroes,
          nzn_winding_woodlands_5x15_split_checker,
          nzn_winding_woodlands_15x15_thick_spiral], layout_rooms,
          nicolae_sif_muna_little_library, nicolae_dithmenos_the_darkroom
Temple:   nicolae_temple_cloud_nine

Skill      XL: |  1  2  3  4  5  6  7  8  9 10 |
---------------+-------------------------------+-----
Fighting       | 4 5 6 8 |  8.7
Armour         | 4 5 6 7 9 |  9.7
Axes           | 3 5 6 8 10 12 13 | 13.3
Shields        | 4 5 6 |  6.7

Action                   |  1- 3 |  4- 6 |  7- 9 | 10-12 || total
-------------------------+-------+-------+-------+-------++-------
Melee: War axe           |   104 |   107 |   180 |    52 ||   443
       Headbutt          |    15 |    14 |    30 |    15 ||    74
       Morningstar       |       |       |       |     4 ||     4
  Use: Scroll            |       |     9 |     5 |     1 ||    15
       Potion            |       |     6 |     1 |     1 ||     8
Armor: Plate armour      |    72 |    78 |   133 |    23 ||   306
Dodge: Dodged            |    40 |    31 |    74 |    16 ||   161
Block: Buckler           |    22 |    19 |    44 |    11 ||    96
